Cogmind - Beta 15 @@@ ROGUE MODE // 2025.09.05 @ 22:06:27 Player: kiiro Result: Self-destructed Performance ------------- Evolutions (2) 1000 Regions Visited (4) 800 Robots Destroyed (16) 80 Value Destroyed (515) 515 Prototype IDs (1) 20 Alien Tech Used (0) 0 Bonus (0) 0 TOTAL SCORE: 2415 Bonus ------- None Cogmind --------- Core Integrity 360/550 Matter 143/300 Energy 75/100 System Corruption 8% Temperature Cool (0) Movement Core (100) Ox1 Location -8/Materials Parts ------- > --- POWER (1) -------- (None) > --- PROPULSION (4) --- (None) > --- UTILITY (4) ------ ECM Suite ECM Suite Utility Shielding > --- WEAPON (2) ------- (None) > --- INVENTORY (5) ---- Utility Shielding Peak State ------------ > --- POWER ------------ Ion Engine > --- PROPULSION ------- Armored Wheel Airjet Flight Unit Improved VTOL Module > --- UTILITY ---------- ECM Suite ECM Suite Utility Shielding > --- WEAPON ----------- Mini Grenade Launcher Mini Grenade Launcher > --- INVENTORY -------- Light Ion Engine Utility Shielding Rocket Launcher [Rating: 18] Favorites ----------- Power Ion Engine Engine Ion Engine Power Core Nuclear Core Propulsion Flight Unit Wheel Compact Wheel Hover Unit Airjet Flight Unit Flight Unit Utility ECM Suite Device ECM Suite Storage Small Storage Unit Protection Utility Shielding Weapon Mini Grenade Launcher Ballistic Gun Assault Rifle Ballistic Cannon Light Cannon Launcher Mini Grenade Launcher Build | -11 -10 -9 -9 -8 ------- Run | Yrd Mat Mat Min Mat Slots Evolved 4 | . . 2 . 2 Power . | . . . . . Propulsion 2 | . . . . 2 Utility 2 | . . 2 . . Weapon . | . . . . . Parts Attached 23 | 6 5 3 5 4 Power 4 | 1 1 1 1 . Engine 3 | 1 1 . 1 . Core 1 | . . 1 . . Reactor . | . . . . . Propulsion 7 | 2 . . 2 3 Treads . | . . . . . Leg . | . . . . . Wheel 3 | 2 . . . 1 Hover 1 | . . . . 1 Flight 3 | . . . 2 1 Utility 6 | 1 3 2 . . Device 4 | . 3 1 . . Storage 1 | 1 . . . . Processor . | . . . . . Hackware . | . . . . . Protection 1 | . . 1 . . Artifact . | . . . . . Weapon 6 | 2 1 . 2 1 Energy Gun . | . . . . . Energy Cannon . | . . . . . Ballistic Gun 2 | 2 . . . . Ballistic Cannon 1 | . 1 . . . Launcher 3 | . . . 2 1 Special Weapon . | . . . . . Impact Weapon . | . . . . . Slashing Weapon . | . . . . . Piercing Weapon . | . . . . . Special Melee Weapon . | . . . . . Unidentified Prototypes 1 | . . . . 1 Parts Lost 11 | . . . . 11 Power 2 | . . . . 2 Propulsion 5 | . . . . 5 Utility 1 | . . . . 1 Weapon 3 | . . . . 3 Highest Loss Streak 6 | . . . . 6 To Critical Strikes . | . . . . . Average Backups 3 | . 4 3 4 3 Power 1 | . 1 1 1 . Propulsion . | . . . . . Utility 1 | . 2 2 2 1 Weapon . | . . . . . Tool/Special . | . . . . . Unused Backups 2 | . 1 . . 1 Power . | . . . . . Propulsion 1 | . 1 . . . Utility 1 | . . . . 1 Weapon . | . . . . . Tool/Special . | . . . . . Average Slot Usage (%) 87 | . 96 98 98 75 Engine 8 | . 14 6 5 8 Core 1 | . . 4 5 . Wheel 12 | . 28 22 9 4 Flight 9 | . . . 11 14 Device 23 | . 12 31 33 21 Storage 2 | . 12 . . . Protection 7 | . . 11 11 9 Ballistic Gun 5 | . 15 11 4 . Ballistic Cannon 4 | . 12 11 4 . Launcher 10 | . . . 12 16 Peak Build Rating 18 | 6 7 11 13 18 Average Rating 10 | 4 6 9 11 11 On Entrance 7 | . 6 7 11 11 Naked Turns . | . . . . . Heaviest Build 18 | 11 17 18 18 13 Greatest Support 32 | 32 32 32 32 12 Greatest Overweight (x) 3 | . . . 3 3 Average Overweight (x) . | . . . . . Largest Inventory Capacity 8 | 8 8 5 5 5 Average Capacity 5 | 6 7 5 5 5 Most Carried 7 | 1 7 4 5 5 Average Carried 3 | . 4 3 4 3 Final Capacity 8 | 8 5 5 5 5 Final Carried 5 | 1 5 4 5 1 Class Distribution -------------------- 100% | Mutant Dominant Class ---------------- Mutant | -10/Materials Mutant | -9/Materials Mutant | -9/Mines Mutant | -8/Materials Resources | -11 -10 -9 -9 -8 ----------- Run | Yrd Mat Mat Min Mat Matter Collected 537 | 206 119 54 122 36 Remotely . | . . . . . Salvage Created 461 | . 118 . 56 287 Parts 26 | . 6 . 7 13 Haulers Intercepted 1 | . . . . 1 Recyclers Shooed . | . . . . . Parts Field Recycled . | . . . . . Retrieved Matter . | . . . . . Parts Self-Destructed . | . . . . . Prevented . | . . . . . Kills | -11 -10 -9 -9 -8 ------- Run | Yrd Mat Mat Min Mat Combat Hostiles Destroyed 14 | . 3 . 4 7 Guns 2 | . . . 2 . Cannons 5 | . 3 . 2 . AOE 7 | . . . . 7 Classes Destroyed 6 | . 1 . 1 4 Builder 1 | . . . . 1 Hauler 1 | . . . . 1 Swarmer 4 | . . . 4 . Grunt 7 | . 3 . . 4 Sentry 2 | . . . . 2 Hunter 1 | . . . . 1 Best Kill Streak 4 | . 2 . 4 4 Combat Bots Only 4 | . 2 . 4 4 Max Kills in Single Turn 2 | . 1 . 1 2 Gunslinging . | . . . . . Exploded 2 | . . . . 2 Melee . | . . . . . Uniques/NPCs Destroyed . | . . . . . Combat | -11 -10 -9 -9 -8 -------- Run | Yrd Mat Mat Min Mat Hostile Shots Fired 47 | . 9 2 8 28 Missed 16 | . 2 1 . 13 Hits 31 | . 7 1 8 15 Projectile 31 | . 7 1 8 15 Damage Taken 992 | . 94 13 69 816 Core 269 | . 28 13 38 190 Absorbed by Shields . | . . . . . Redirected to Shielding 11 | . . . . 11 Regen/Repaired (Parts) 59 | . . . . 59 Core Remaining (%) 91 | 100 88 . 87 . Volleys Fired 21 | . 6 1 6 8 Largest 2 | . 2 2 2 2 Hottest 63 | . 50 50 50 63 Shots Fired 41 | . 12 2 12 15 Gun 13 | . 6 1 6 . Cannon 13 | . 6 1 6 . Launcher 15 | . . . . 15 Special . | . . . . . Kinetic 26 | . 12 2 12 . Thermal . | . . . . . Explosive 15 | . . . . 15 Electromagnetic . | . . . . . Robot Hit Streak 9 | . 9 . 4 5 Robot Miss Streak 5 | . 1 2 5 1 Penetration Max . | . . . . . Secondary Targets . | . . . . . Shots Hit Robots 27 | . 11 . 6 10 Core Hits 28 | . 5 . 4 19 Critical Kills . | . . . . . Critical Parts Destroyed . | . . . . . Critical Strikes . | . . . . . Melee Attacks . | . . . . . Impact . | . . . . . Slashing . | . . . . . Piercing . | . . . . . Sneak Attacks . | . . . . . Combat Hostiles . | . . . . . Follow-up Attacks . | . . . . . Damage Inflicted 1035 | . 170 . 91 774 Guns 103 | . 64 . 39 . Cannons 158 | . 106 . 52 . Explosions 774 | . . . . 774 Melee . | . . . . . Ramming . | . . . . . Kinetic 261 | . 170 . 91 . Thermal . | . . . . . Explosive 774 | . . . . 774 Electromagnetic . | . . . . . Impact . | . . . . . Slashing . | . . . . . Piercing . | . . . . . Highest Corruption 8 | . . . . 8 Average Corruption 1 | . . . . 1 Corruption Purged . | . . . . . Corruption Blocked . | . . . . . Effects 2 | . . . . 2 Message Errors 1 | . . . . 1 Weapon Failures 1 | . . . . 1 Overload Shots . | . . . . . Overflow Damage 62 | . . . . 62 Projectiles . | . . . . . Explosions 62 | . . . . 62 Melee . | . . . . . Knockbacks 1 | . 1 . . . Impact . | . . . . . Kinetic 1 | . 1 . . . Secondary . | . . . . . Self-Inflicted Damage 158 | . . . . 158 Shots 4 | . . . . 4 Rammed . | . . . . . Targets Rammed . | . . . . . Kicked . | . . . . . Crushed . | . . . . . Highest Temperature 22 | . 22 . . 13 Average Temperature 11 | . 16 . . 5 Received Heat Transfer 114 | . 51 . . 63 Siege Activations . | . . . . . Martial Activations . | . . . . . Shielding Activations . | . . . . . Robots Disrupted . | . . . . . Combat Hostiles . | . . . . . Robots Corrupted . | . . . . . Combat Hostiles . | . . . . . Parts Fried . | . . . . . Impact Corruptions . | . . . . . Robots Melted . | . . . . . Combat Hostiles . | . . . . . Parts Melted . | . . . . . Heat Transferred . | . . . . . Parts Sabotaged . | . . . . . Parts Stolen . | . . . . . Parts Stripped . | . . . . . Power Chain Reactions . | . . . . . Alert | -11 -10 -9 -9 -8 ------- Run | Yrd Mat Mat Min Mat Maximum Alert Level . | . . . . . Low Security (%) 100 | 100 100 100 100 100 Level 1 . | . . . . . Level 2 . | . . . . . Level 3 . | . . . . . Level 4 . | . . . . . Level 5 . | . . . . . High Security . | . . . . . Max Security . | . . . . . Peak Influence 132 | . 60 16 80 132 Initial 16 | . . 16 . . Average 25 | . 13 4 29 35 Influence Increases 501 | . 80 1 90 330 Destroy 0b10 Robot/C 280 | . 60 . 80 140 Destroy 0b10 Robot/NC 10 | . . . . 10 Destroy Leader 72 | . 20 . 10 42 Successful Hack 19 | . . . . 19 Disable Machine 30 | . . . . 30 Destroy Structure 75 | . . 1 . 74 Partial Spotted 15 | . . . . 15 Influence Decreases 427 | . 40 41 90 256 Entered New Map 24 | . . 24 . . Time Decay 294 | . 40 10 90 154 Lost Part 102 | . . . . 102 Purge Threat 7 | . . 7 . . Squads Dispatched 5 | . 1 1 1 2 Investigation . | . . . . . Extermination . | . . . . . Reinforcement 3 | . 1 1 . 1 Assault 1 | . . . 1 . Garrison 1 | . . . . 1 Intercept . | . . . . . Searches Triggered . | . . . . . Construction Impeded . | . . . . . Haulers Reinforced . | . . . . . Active Scanning Responses . | . . . . . Cargo Convoy Interrupts . | . . . . . Stealth | -11 -10 -9 -9 -8 --------- Run | Yrd Mat Mat Min Mat Distress Signals 1 | . . . . 1 Communications Jammed . | . . . . . Distress Signals . | . . . . . Times Spotted 30 | . 5 2 5 18 Peak Tracking Total 9 | . 4 2 4 9 Tactical Retreats 2 | . . . 1 1 Traps | -11 -10 -9 -9 -8 ------- Run | Yrd Mat Mat Min Mat Traps Triggered 1 | . . . . 1 Indirectly . | . . . . . Trap Hack Attempts . | . . . . . Triggered . | . . . . . Disarmed . | . . . . . Reprogrammed . | . . . . . Reused . | . . . . . Traps Extracted . | . . . . . Installed . | . . . . . Triggered . | . . . . . Machines | -11 -10 -9 -9 -8 ---------- Run | Yrd Mat Mat Min Mat Machines Disabled 2 | . . . . 2 Max in Single Turn 1 | . . . . 1 Machines Repaired . | . . . . . Machines Dismantled . | . . . . . Machines Sabotaged . | . . . . . Overloaded Fab Kills . | . . . . . Hacking | -11 -10 -9 -9 -8 --------- Run | Yrd Mat Mat Min Mat Machines Accessed 7 | . 1 1 . 5 Terminals 5 | . 1 1 . 3 Fabricators . | . . . . . Repair Stations 1 | . . . . 1 Recycling Units . | . . . . . Scanalyzers 1 | . . . . 1 Garrison Access . | . . . . . Total Hacks 24 | . 1 5 . 18 Successful 13 | . . 3 . 10 Failed 11 | . 1 2 . 8 Catastrophic 1 | . . . . 1 Database Lockouts . | . . . . . Manual 3 | . . . . 3 Terminals 17 | . 1 5 . 11 Fabricators . | . . . . . Repair Stations 4 | . . . . 4 Recycling Units . | . . . . . Scanalyzers 3 | . . . . 3 Garrison Access . | . . . . . Terminal Hacks 7 | . . 3 . 4 Record 2 | . . . . 2 Emergency Access Points 1 | . . . . 1 Alert Level 2 | . . 1 . 1 Unreport Threat 1 | . . 1 . . Surveillance Status 1 | . . 1 . . Fabricator Hacks . | . . . . . Repair Station Hacks 4 | . . . . 4 Scan Component 2 | . . . . 2 Repair 2 | . . . . 2 Recycling Unit Hacks . | . . . . . Scanalyzer 2 | . . . . 2 Insert Component 1 | . . . . 1 Analyze 1 | . . . . 1 Garrison Access Hacks . | . . . . . Unauthorized Hacks . | . . . . . Terminals . | . . . . . Fabricators . | . . . . . Repair Stations . | . . . . . Recycling Units . | . . . . . Scanalyzers . | . . . . . Garrison Access . | . . . . . Data Cores Recovered . | . . . . . Used . | . . . . . Hacking Detections 6 | . 1 1 . 4 Full Trace Events . | . . . . . Feedback Events . | . . . . . Feedback Blocked . | . . . . . Robot Schematics Acquired . | . . . . . Robots Built . | . . . . . Authchips . | . . . . . Time . | . . . . . Total Robot Build Rating . | . . . . . Part Schematics Acquired 1 | . . . . 1 Parts Built . | . . . . . Authchips . | . . . . . Time . | . . . . . Total Part Build Rating . | . . . . . Parts Repaired 2 | . . . . 2 Time 58 | . . . . 58 Parts Recycled . | . . . . . Recycled Matter . | . . . . . Retrieved Matter . | . . . . . Retrieved Components . | . . . . . Parts Scanalyzed 1 | . . . . 1 Part Schematics Acquired 1 | . . . . 1 Parts Damaged . | . . . . . Bothacking | -11 -10 -9 -9 -8 ------------ Run | Yrd Mat Mat Min Mat Used RIF Installer . | . . . . . Robots Hacked . | . . . . . Non-combat . | . . . . . Combat . | . . . . . Robot Hacks Applied . | . . . . . Relay Couplers Released . | . . . . . Fabnet Peak Effective % . | . . . . . Robots Rewired . | . . . . . Allies Hacked . | . . . . . Hacks Repelled . | . . . . . Allies | -11 -10 -9 -9 -8 -------- Run | Yrd Mat Mat Min Mat Total Allies 1 | . . . 1 . Largest Group 1 | . . . . 1 Highest-Rated Group 31 | . . . . 31 Highest-Rated Ally 31 | . . . . 31 Total Orders . | . . . . . Ally Attacks 3 | . . . . 3 Total Damage 44 | . . . . 44 Kills . | . . . . . Allies Corrupted . | . . . . . Allies Melted . | . . . . . Intel | -11 -10 -9 -9 -8 ------- Run | Yrd Mat Mat Min Mat Active Infowar (turns) 898 | . 174 90 265 369 Sensors 583 | . 24 90 265 204 Structural 113 | . 113 . . . ECM 435 | . 61 58 151 165 Robot Analysis Total . | . . . . . Derelict Logs Recovered . | . . . . . Drone Launches . | . . . . . Drone Recoveries . | . . . . . Exploration | -11 -10 -9 -9 -8 ------------- Run | Yrd Mat Mat Min Mat Turns Passed 1125 | 49 218 90 265 503 Spaces Moved 771 | 41 167 79 180 304 Core 9 | 4 . . . 5 Treads . | . . . . . Legs . | . . . . . Wheels 439 | 37 167 79 78 78 Hover . | . . . . . Flight 323 | . . . 102 221 Fastest Speed 39 | 50 100 100 100 39 Average Speed 102 | 95 100 100 115 97 Slowest Speed 280 | 100 100 100 280 205 Overloaded Moves . | . . . . . Propulsion Burnouts . | . . . . . Robots Hopped . | . . . . . Potential Cave-ins . | . . . . . Cave-ins Triggered 1 | . . . . 1 Exploration Rate (%) 21 | 4 35 9 38 23 Regions Visited 4 Branch Regions 1 Pre-discovered Areas . | . . . . . Known Exits Taken . | . . . . . Unknown Exits Taken 4 | 1 1 1 1 . Scrap Searched 1 | . . . 1 . Spaces Dug . | . . . . . Terrain Destroyed 80 | . . . . 80 Melee . | . . . . . Projectile . | . . . . . AOE 80 | . . . . 80 Terrain Rammed . | . . . . . Walls Destroyed . | . . . . . Machines Disabled . | . . . . . Actions | -11 -10 -9 -9 -8 --------- Run | Yrd Mat Mat Min Mat Total 1063 | 47 207 87 227 495 Wait 220 | . 19 5 27 169 Move 767 | 40 166 78 179 304 Hop . | . . . . . Pick Up 8 | 1 5 . 1 1 Fast Attach 17 | 6 3 . 4 4 Attach 11 | . 1 2 3 5 Detach 7 | . 2 . 3 2 Swap 2 | . 1 1 . . Drop 10 | . 4 . 4 2 Fire 21 | . 6 1 6 8 Melee . | . . . . . Ram . | . . . . . Kick . | . . . . . Crush . | . . . . . Escape Stasis . | . . . . . Rewire . | . . . . . Trap . | . . . . . Miscellaneous . | . . . . . Route ------- -11/Scrapyard -10/Materials -9/Materials -9/Mines -8/Materials History --------- Turn | Location | Event 14 | -11/Scrapyard | Discovered new exit (range 15) 50 | -11/Scrapyard | Entered Materials 224 | -10/Materials | Discovered new exit (range 8) 268 | -10/Materials | Entered another Materials area 268 | -9/Materials | Evolved 2 slots: Utility x2 270 | -9/Materials | Discovered new exit (range 14) 309 | -9/Materials | Build established: Mutant 358 | -9/Materials | Entered Mines 454 | -9/Mines | Found DCF Scrap (14 items) 586 | -9/Mines | Received a Rocket Launcher from a helpful Derelict 605 | -9/Mines | Met a Derelict testing a Signal Generator 609 | -9/Mines | Discovered new exit (range 8) 623 | -9/Mines | Entered Materials 623 | -8/Materials | Accompanied by 1 ally 623 | -8/Materials | Evolved 2 slots: Propulsion x2 900 | -8/Materials | Repaired Mni. Grenade Launcher 928 | -8/Materials | Repaired Flight Unit 1009 | -8/Materials | Lost 3 parts (1p1n1w) 1117 | -8/Materials | Crushed by falling debris 1126 | -8/Materials | Self-destructed Last Messages --------------- 01117_ Crushed by falling debris. [Achievement: Unlikely Earthworm] 01117_ Imp. VTOL Module destroyed. 01117_ System corrupted by crushing effect (+1). 01117_ Arm. Wheel destroyed. 01117_ System corrupted by crushing effect (+3). 01117_ Mni. Grenade Launcher destroyed. 01117_ System corrupted by crushing effect (+3). 01118_ U-05 Engineer lays Concrete. 01121_ U-05 Engineer builds a Wall. 01121_ U-05 Engineer lays Concrete. 01121_ Rocket Launcher destroyed. 01123_ O9H4:EAW ON8PB>SZPWS0IR=G9K%EP7JVUT< 01123_ C-30 ARC bursts open, deploying its payload. 01123_ S-10 Pest unfolds itself. 01123_ U-05 Engineer lays Concrete. 01124_ Lgt. Ion Engine destroyed. 01125_ U-05 Engineer lays Concrete. 01126_ C-30 ARC bursts open, deploying its payload. 01126_ S-10 Pest unfolds itself. Map ----- +----------------------------------------------------+ | ????????????????????????????????????????????? | | ????????????????????????????????????????????? | | ????????????????????????????????????????????? | | ????????????????????????????????????????????? | | ????????????????????????????????????????????? | | ????????????????????????????????????????????? | | ????????????????????????????????????????????? | | ????????????????????????????????????????????? | | ????????????????????????????????????????????? | | ????????????????????????????????????????????? | | ??????????????????? ?????????????????????? | | ??????????????????? #???????????????????? | | ?????????????????? #??????????????????? | | ?????????????????? #??????????????????? | | ?????????????????# ???????????????????? | | ?????????????????? ???????????????????? | | ?????????????????? ???????????????????? | | ??????????????????? ????????????????????? | | ??????????????????? t????????????????????? | | ???????????????????# #????????????????????? | | ???????????????????# Y #????????????????????? | | ???????????????????+ #????????????????????? | | ?? ????????????????# #########????#######?? | | ?#!???+????????????# # ##??? ! #?? | | ?# ???????????????# # """ #??/ # | | ?# ?????????????##@ # "G%" #?? / ? | | ?? ###########?# sss """ #? #?? | | ??? # ! #?# #s %* [ #?? | | ???#+ " #?# s / #?? | | ???# " #?# # #?? | | ???# #?# [% #?? | | ???# #?## u #########???? | | ???# #?##u ### ##???????????? | | ???# #?## #??###????????????? | | ???# ! #?# # #?????????????????? | | ???# /####### # #?????????????????? | | ???# T # #?????????????????? | | ???# #### ###### # #?????????????????? | | ???# #????# # #?????????????????? | | ???####### #???####+### #?????????????????? | | ?????????# #???# # ######????????????? | | ?????????# #???#!!! # #????????????? | | ?????????# #???#!![ #! !#????????????? | | ?????????# #???#!! = ##!!!!##????????????? | | ?????????# #???# #######?????????????? | | ########## #???# #???????????????????? | | # ## #???########???????????????????? | | # """ ## #??????????????????????????????? | | # "T" ## #??????????????????????????????? | | # ## #??????????????????????????????? | +----------------------------------------------------+ Best States ------------- Heat Dissipation 31 Energy Generation 14 Energy Capacity 250 Matter Stores 300 Matter Capacity 300 Sight Range 16 Robot Scan Range 14 Terrain Scan Density 10 ECM Strength 2 Utility Shielding 33 Evasion (%) 62 Item Schematics ----------------- Rocket Launcher | -8/Materials | Scanalyzed Robot Schematics ------------------ None Fabricated ------------ Nothing Repaired ---------- Mni. Grenade Launcher | 8% | -8/Materials Flight Unit | 35% | -8/Materials Alien Tech Used ----------------- None Achievements -------------- Unlikely Earthworm Challenges ------------ None Game ------ Seed DeflectorHypercooledFrame Manual? 0 Play Time 00:21:50 Cumulative 14.7 hours Start 2025.09.05 @ 21:46:05 End 2025.09.05 @ 22:06:27 Sessions 1 Manual Loads 0 Difficulty Rogue Special Mode None Game No. 11 Rogue 11 Adventurer 0 Explorer 0 Win Type - Total 0 Types 0/0/0/0/0/0/0/0/0/0 Lore% 3 Gallery% 13 Achievement% 14 Wizard Run 0 Options --------- Layout 0 ASCII 1 Keyboard 1 Movement Vi Keybinds 0 Fullscreen 2 Font 24/Proggy Map View 76x50 Zoom Use 0% Tactical HUD 1 Map Filters NONE Filters NONE Steam 1 RUN: e25ef3b9-b943-4d75-90ce-0059ec494960